 Dungeon Crawl Stone Soup version 0.27-a0-1139-g28e009f8a6 (webtiles) character file.

Game seed: 5966956323864492597

47 Morbidden the Grave Robber (level 3, 0/24 HPs)
             Began as a Demonspawn Necromancer on May 7, 2021.
             Slain by a gnoll
             ... wielding a +0 club
              (5 damage)
             ... on level 3 of the Dungeon.
             The game lasted 00:01:29 (1361 turns).

Morbidden the Grave Robber (Demonspawn Necromancer) Turns: 1361, Time: 00:01:30

Health: 0/24       AC:  4    Str:  8    XL:     3   Next: 48%
Magic:  4/6        EV: 12    Int: 17    God:
Gold:   147        SH:  0    Dex: 13    Spells: 5/6 levels left

rFire    . . .     SeeInvis .   (no weapon)
rCold    . . .     Faith    .   (no shield)
rNeg     . . .     Spirit   .   a - +0 robe
rPois    .         Reflect  .   (no helmet)
rElec    .         Harm     .   (no cloak)
rCorr    .         Rampage  .   (no gloves)
Will     .....                  (no boots)
Stlth    ++........             (no amulet)
HPRegen  0.08/turn              (no ring)
MPRegen  0.10/turn              (no ring)

@: no status effects
A: icy blue scales 1, spiny 1
a: no special abilities


You were on level 3 of the Dungeon.
You visited 1 branch of the dungeon, and saw 3 of its levels.

You collected 147 gold pieces.

Inventory:

Armour
 a - a +0 robe (worn)
Scrolls
 c - a scroll of identify {unknown}
Potions
 b - 2 potions of heal wounds {unknown}
 d - a potion of mutation {unknown}


   Skills:
 + Level 2.0 Dodging
 + Level 1.8 Stealth
 + Level 2.3 Spellcasting
 + Level 5.4 Necromancy


You had 5 spell levels left.
You knew the following spells:

 Your Spells              Type           Power      Damage    Failure   Level
a - Pain                  Necr           80%        1d8       1%          1

Your spell library contained the following spells:

 Spells                   Type           Power      Damage    Failure   Level
 Animate Skeleton         Necr           40%        N/A       1%          1
 Vampiric Draining        Necr           10%        2d7       6%          3
 Animate Dead             Necr           10%        N/A       21%         4
 Agony                    Necr           20%        N/A       50%         5


Dungeon Overview and Level Annotations

Branches:
Dungeon (3/15)

Altars:

Shops:
D:1 !   D:2 [

Annotations:
D:2 Sigmund


Innate Abilities, Weirdness & Mutations

You are partially covered in icy blue scales. (AC +2)
You are partially covered in sharp spines.


Message History

Aiming: Pain (safe; 1% risk of failure)
Press: ? - help, Shift-Dir - straight line, f/p - gnoll
Aim: a gnoll, wielding a +0 flail (almost dead, chance to affect: 85%)
The gnoll writhes in agony.
You kill the gnoll!
Your Dodging skill increases to level 2!
Unknown command.
Unknown command.
Casting: Pain (safe; 1% risk of failure)
Confirm with . or Enter, or press ? or * to list all spells.
Aiming: Pain (safe; 1% risk of failure)
Press: ? - help, Shift-Dir - straight line, f - gnoll
Aim: a gnoll, wielding a +0 flail (chance to affect: 85%)
The gnoll barely resists.
Casting: Pain (safe; 1% risk of failure)
Confirm with . or Enter, or press ? or * to list all spells.
Aiming: Pain (safe; 1% risk of failure)
Press: ? - help, Shift-Dir - straight line, f/p - gnoll
Aim: a gnoll, wielding a +0 flail (chance to affect: 85%)
The gnoll writhes in agony.
The gnoll misses you.
Unknown command.
There is a stone staircase leading up here.
The gnoll is struck by your spines. The gnoll hits you with a +0 flail.
You climb upwards.
Level annotation: Sigmund
There is a stone staircase leading down here.
Unknown command.
Sigmund screams, "Die, monster!"
The gnoll is struck by your spines. The gnoll hits you with a +0 flail!
* * * LOW HITPOINT WARNING * * *
You climb downwards.
The gnoll hits you with a +0 club.
* * * LOW HITPOINT WARNING * * *
There is a stone staircase leading up here.
Unknown command.
Unknown command.
The gnoll misses you. The gnoll barely misses you.
There is a stone staircase leading down here.
The gnoll is struck by your spines. The gnoll hits you with a +0 club.
You die...

##..#.....##......#
#..#.###.####.####
#..#.# #...#..#
##.#.#####.#.##
#.#.#...#.#.####
#.#<#.#.#......###
#.....#.#.#......#
#...###.#.#...##.#
#@g>....#.#....#.#
###g#.#####.#.##.#.#
#.g.#.# ........#.#
#.###.# .#.####.#.#
#..g..# #......#.#
####### .###....#.#
........# .###.####
#.


You could see 3 gnolls.

Vanquished Creatures
  A gnoll (D:3)
  2 adders
  3 ball pythons
  An endoplasm (D:2)
  A giant cockroach (D:1)
  A goblin (D:2)
  3 hobgoblins
  3 jackals
  2 frilled lizards (D:2)
  2 rats
19 creatures vanquished.

Notes
Turn   | Place    | Note
-------+----------+-------------------------------------------
     0 | D:1      | Morbidden the Demonspawn Necromancer began the quest for
                  | the Orb.
     0 | D:1      | Reached XP level 1. HP: 13/13 MP: 3/3
    78 | D:1      | Found Fanus's Distillery.
   125 | D:1      | You fall into a shaft and drop 1 floor!
   145 | D:2      | Found Naom's Antique Armour Shop.
   302 | D:2      | Gained mutation: You are partially covered in icy blue
                  | scales. (AC +2) [demonic ancestry]
   302 | D:2      | Reached XP level 2. HP: 13/19 MP: 0/5
   518 | D:2      | Reached skill level 5 in Necromancy
   713 | D:2      | Noticed Sigmund
  1168 | D:3      | Gained mutation: You are partially covered in sharp spines.
                  | [demonic ancestry]
  1168 | D:3      | Reached XP level 3. HP: 20/24 MP: 1/6
  1361 | D:3      | Slain by a gnoll

Illustrated notes

Levels and vault maps discovered:
D:1:      scummos_arrival_star, layout_loops_ring, serial_shops,
          nicolae_shop_temple_entry_statues_fountains, serial_glass,
          glass_columns_b, glass_columns_c, glass_columns_b, glass_columns_c
D:2:      layout_rooms, serial_shops, shop_coins, nrook_mini_backslash,
          serial_park_tiny_pond, uniq_sigmund
D:3:      layout_basic

Skill      XL: |  1  2  3 |
---------------+----------+-----
Necromancy     | 5 |  5.4
Dodging        | 2 |  2.0
Stealth        | |  1.8
Spellcasting   | |  2.3

Action                   || total
-------------------------++-------
Melee: Unarmed           ||    22
 Cast: Pain              ||    40
Armor: Robe              ||    20
Dodge: Dodged            ||    37

Table legend: (Time is in decaauts)
 A = Elapsed time spent in this place.
 B = Non-inter-level travel time spent in this place.
 C = Inter-level travel time spent in this place.
 D = Time resting spent in this place.
 E = Time spent auto-exploring this place.
 F = Levels seen in this place.
 G = Mean time per level.
                   A        B        C        D        E       F      G
               +--------+--------+--------+--------+--------+-----+--------+
         Total |   1361 |   1361 |      0 |    275 |    867 |   3 |  453.7 |
       Dungeon |   1361 |   1361 |      0 |    275 |    867 |   3 |  453.7 |
               +--------+--------+--------+--------+--------+-----+--------+

Top non-repeatable levels by time:
     D:3: 633 daAuts
     D:2: 603 daAuts
     D:1: 125 daAuts
